 Dungeon Crawl Stone Soup version 0.15.2 (console) character file.

220 CALLOUS the Ducker (level 5, 0/37 HPs)
             Began as a Merfolk Enchanter on Dec 27, 2019.
             Slain by a centaur skeleton (8 damage)
             ... on Level 4 of the Dungeon on Dec 28, 2019.
             The game lasted 01:39:08 (7253 turns).

CALLOUS the Ducker (Merfolk Enchanter)              Turns: 7253, Time: 01:39:08

HP   0/37        AC  4     Str  9      XL: 5   Next: 97%
MP  12/18        EV 15     Int 15      God:
Gold 80          SH  0     Dex 14      Spells:  3 memorised,  3 levels left

rFire  . . .     SeeInvis .     a - +1 dagger
rCold  . . .     Clarity  .     b - +1 robe
rNeg   . . .     rCorr    .     (no shield)
rPois  .         rRot     .     W - +0 helmet
rElec  .         Spirit   .     (no cloak)
SustAb .         Warding  .     (no gloves)
rMut   .         Stasis   .     (no boots)
Gourm  .                        (no amulet)
MR     .....                    F - ring of magical power
                                y - ring of flight

@: bonded with blade, very slightly contaminated, not resistant to hostile
enchantments, fairly stealthy
A: change form in water, swift swim
a: Evoke Flight


You were on level 4 of the Dungeon.
You were not hungry.

You visited 1 branch of the dungeon, and saw 4 of its levels.

You collected 129 gold pieces.
You spent 49 gold pieces at shops.

Inventory:

Hand weapons
 a - a +1 dagger (weapon)
 m - a +2 whip of electrocution
 B - a +0 spear
 T - a +1 dagger of venom
Missiles
 e - 160 stones (quivered)
 t - 13 bolts
 D - 13 arrows of frost
 G - 13 arrows
 I - a tomahawk
 X - 7 tomahawks of dispersal
 Z - 14 sling bullets
Armour
 b - a +1 robe (worn)
 P - a +0 shield
 W - a +0 helmet (worn)
Magical devices
 z - a wand of frost (6)
Comestibles
 d - 4 bread rations
 J - 3 chunks of orc flesh
 N - 2 fruits
 O - a slice of pizza
Scrolls
 g - 2 scrolls of magic mapping
 h - a scroll of fear {unknown}
 j - 7 scrolls of identify {unknown}
 r - a scroll of random uselessness {unknown}
 s - a scroll of teleportation {unknown}
 u - 5 scrolls of amnesia {unknown}
 M - a scroll of enchant weapon {unknown}
 Q - 2 scrolls of fog {unknown}
Jewellery
 y - a ring of flight (left hand)
 F - a ring of magical power (right hand)
 H - an uncursed amulet of stasis {unknown}
 L - an uncursed amulet of the gourmand {unknown}
 R - an uncursed amulet of the gourmand {unknown}
 U - an uncursed amulet of clarity {unknown}
Potions
 f - 2 potions of cancellation {unknown}
 x - a potion of mutation {unknown}
 K - a potion of berserk rage {unknown}
 S - a potion of brilliance {unknown}
 V - 3 potions of magic {unknown}
 Y - 3 potions of curing {unknown}
Books
 c - a book of Maledictions

   Spells                             Type                      Level
   *Corona                            Hexes                        1
   *Sure Blade                        Hexes/Charms                 2
   *Ensorcelled Hibernation           Hexes/Ice                    2
   Confuse                            Hexes                        3
   Dazzling Spray                     Conjuration/Hexes            3
   Enslavement                        Hexes                        4


   Skills:
 + Level 1.0 Fighting
 - Level 1.2 Short Blades
 * Level 2.0 Polearms
 * Level 5.7 Dodging
 + Level 5.3 Stealth
 - Level 2.0 Spellcasting
 - Level 3.0 Hexes


You had 3 spell levels left.
You knew the following spells:

 Your Spells              Type           Power        Failure   Level  Hunger
a - Corona                Hex            ##.....      8%          1    #......
b - Ensorcelled Hibernat  Hex/Ice        #.....       17%         2    ###....
c - Sure Blade            Hex/Chrm       #.........   17%         2    ###....


Dungeon Overview and Level Annotations

Branches:
Dungeon (4/15)
 Temple: D:4-7

Altars:
Dithmenos
Okawaru
Sif Muna
Vehumet
Yredelemnul

Shops:
D:4 ?

Annotations:
D:1 1 exclusion
D:3 5sDscytherobe, Jessica; Sigmund
D:4 5hgEDmysticblastmagicdart5waD, exclusions: player ghost, worker ant and 1 more exclusion, Htamos' ghost, average DECj


Message History

You feel troubled.
You hit the centaur skeleton. The bond with your blade fades away.
The centaur skeleton closely misses you.
Casting: Sure Blade
Confirm with . or Enter, or press ? or * to list all spells.
You miscast Sure Blade.
Nothing appears to happen.
The centaur skeleton barely misses you.
The centaur skeleton closely misses you.
Casting: Sure Blade
Confirm with . or Enter, or press ? or * to list all spells.
You become one with your weapon.
The centaur skeleton barely misses you.
You hit the centaur skeleton.
The orc wizard looks braver.
The centaur skeleton misses you.
The orc wizard's eyes start to glow.
You hit the centaur skeleton. The centaur skeleton hits you.
* * * LOW HITPOINT WARNING * * *
You hit the centaur skeleton. The centaur skeleton barely misses you.
The centaur skeleton hits you!
You die...

##.........####...###
.'.........+...)....#
##.........#.#......#
###.......##.#.#..#.#
# ##.....###.#.##.#.#
# ##...## #.#.#(.#.#
# ##'## #.#.#>##.# #
#.# #.#.#(##.# #.#
#.#.#(##.# ##.##
#..oZ.(..# ##...##
#####@#### # #.....#
#)# # ##...########.#
# #.............#
####.#.###########
.....#.# ######.# #.#
#.# ######.# .......#


You could see an orc wizard and a centaur skeleton.

Vanquished Creatures
  An orc wizard (D:4)
  A hound skeleton (D:4)
  5 adders
  A giant mite (D:4)
  3 worms
  2 giant geckos (D:1)
  9 orcs
  19 bats
  3 giant cockroaches
  10 hobgoblins
  6 jackals
  11 kobolds
  2 oozes
  5 quokkas
  5 giant newts
  10 goblins
  12 rats
  A rat skeleton (D:4)
106 creatures vanquished.

Notes
Turn   | Place    | Note
--------------------------------------------------------------
     0 | D:1      | CALLOUS, the Merfolk Enchanter, began the quest for the Orb.
     0 | D:1      | Reached XP level 1. HP: 13/13 MP: 3/3
   219 | D:1      | Reached XP level 2. HP: 19/19 MP: 2/4
   223 | D:1      | Learned a level 2 spell: Ensorcelled Hibernation
   226 | D:1      | Learned a level 2 spell: Sure Blade
  1068 | D:1      | Reached skill level 4 in Stealth
  1341 | D:1      | Reached XP level 3. HP: 24/24 MP: 6/6
  2212 | D:2      | Found an iron altar of Okawaru.
  2234 | D:2      | Found a radiant altar of Vehumet.
  2720 | D:2      | Reached XP level 4. HP: 31/31 MP: 4/7
  4106 | D:3      | Reached skill level 5 in Stealth
  4310 | D:3      | Reached skill level 1 in Fighting
  4355 | D:3      | Noticed Sigmund
  4936 | D:3      | Noticed Jessica
  5074 | D:4      | Reached XP level 5. HP: 37/37 MP: 3/9
  5141 | D:4      | Noticed Htamos' ghost (average DECj)
  5407 | D:2      | Reached skill level 1 in Polearms
  5694 | D:3      | Reached skill level 5 in Dodging
  5858 | D:4      | Found Coetara's Magic Scroll Shoppe.
  5868 | D:4      | Bought a scroll of magic mapping for 49 gold pieces
  6711 | D:4      | Found a basalt altar of Yredelemnul.
  6718 | D:4      | Found a shadowy altar of Dithmenos.
  6718 | D:4      | Found a deep blue altar of Sif Muna.
  7253 | D:4      | Slain by a centaur skeleton

Action                   |  1- 3 |  4- 6 || total
-------------------------+-------+-------++-------
Melee: Dagger            |   110 |   197 ||   307
Throw: Stone             |   106 |   139 ||   245
 Cast: Corona            |    27 |    28 ||    55
       Ensorcelled Hiber |    13 |    21 ||    34
       Sure Blade        |     1 |     8 ||     9
 Stab: Sleeping          |    11 |    15 ||    26
       Distracted        |     1 |     1 ||     2
  Eat: Chunk             |     7 |    13 ||    20
       Bread ration      |       |     1 ||     1
